 Dungeon Crawl Stone Soup version 0.28-a0-1199-gef9e1dbd39 (webtiles) character file.

Game seed: 9339736954864718442

2772 kae the Zephyrmancer (level 9, -9/45 HPs)
             Began as a Tengu Air Elementalist on Dec 19, 2021.
             Was a Believer of Sif Muna.
             Mangled by an orc warrior (12 damage)
             ... summoned by a hobgoblin
             ... in a bailey.
             The game lasted 00:08:34 (8571 turns).

kae the Zephyrmancer (Tengu Air Elementalist)       Turns: 8571, Time: 00:08:35

Health: -9/45      AC:  2    Str: 14    XL:     9   Next: 70%
Magic:  11/18      EV: 14    Int: 20    God:    Sif Muna [**....]
Gold:   412        SH:  0    Dex: 15    Spells: 7/19 levels left

rFire   . . .      SeeInvis .   d - staff of conjuration
rCold   . . .      Faith    .   (no shield)
rNeg    . . .      Spirit   .   a - +0 robe
rPois   .          Reflect  .   (helmet restricted)
rElec   .          Harm     .   q - scarf {shadows}
rCorr   .          Rampage  .   (no gloves)
Will    .....                   (boots unavailable)
Stlth   ++........              f - amulet of magic regeneration
HPRegen 0.15/turn               b - +6 ring of strength
MPRegen 0.56/turn               (no ring)

@: flying quickly and evasively, quick
A: beak, talons 3, nimble flight
a: Renounce Religion, Channel Magic


You were in a bailey.
You worshipped Sif Muna.
Sif Muna was pleased with you.
You visited 2 branches of the dungeon, and saw 8 of its levels.
You also visited: Bailey.

You collected 412 gold pieces.

Inventory:

Armour
 a - a +0 robe (worn)
 q - a scarf of shadows (worn)
Magical Staves
 d - a staff of conjuration (weapon)
Jewellery
 b - a +6 ring of strength (left hand)
 f - an amulet of magic regeneration (around neck)
Wands
 c - a wand of flame (22)
 i - a wand of acid (4)
Scrolls
 k - 3 scrolls of fog
 m - a scroll of blinking
 p - a scroll of teleportation
Potions
 e - a potion of magic
 g - 2 potions of curing
 h - 2 potions of mutation
 j - 3 potions of degeneration
 l - a potion of attraction
 n - 2 potions of haste
 o - a potion of berserk rage


   Skills:
 + Level 5.9 Staves
 - Level 2.1 Dodging
 - Level 2.0 Stealth
 + Level 5.5 Spellcasting
 + Level 7.6 Conjurations
 * Level 11.3 Air Magic
 + Level 2.0 Invocations


You had 7 spell levels left.
You knew the following spells:

 Your Spells              Type           Power      Damage    Failure   Level
a - Shock                 Conj/Air       100%       1d9       1%          1
b - Static Discharge      Conj/Air       60%        N/A       1%          2
c - Airstrike             Air            25%        N/A       1%          4
d - Swiftness             Air            50%        N/A       1%          3
e - Blink                 Tloc           10%        N/A       17%         2

Your spell library contained the following spells:

 Spells                   Type           Power      Damage    Failure   Level
 Corpse Rot               Necr/Air       56%        N/A       1%          2
 Poisonous Vapours        Pois/Air       56%        N/A       1%          2
 Summon Lightning Spire   Summ/Air       28%        N/A       11%         4
 Sublimation of Blood     Necr           5%         N/A       17%         2
 Lesser Beckoning         Tloc           5%         N/A       32%         3
 Ozocubu's Armour         Ice            5%         N/A       32%         3
 Manifold Assault         Tloc           5%         N/A       97%         5
 Storm Form               Tmut/Air       14%        N/A       100%        7
 Maxwell's Capacitive Co  Air            25%        ∞         100%        8


Dungeon Overview and Level Annotations

Branches:
Dungeon (7/15)             Temple (1/1) D:5          Bailey (1/1)

Altars:
Ashenzari
Cheibriados
Dithmenos
Elyvilon
Fedhas
Gozag
Hepliaklqana
Kikubaaqudgha
Makhleb
Nemelex Xobeh
Okawaru
Qazlal
Ru
Sif Muna
Trog
Uskayaw
Vehumet
Wu Jian
Xom
Yredelemnul
Zin
The Shining One


Innate Abilities, Weirdness & Mutations

You have a beak for a mouth.
You have claws for feet.
Your magical nature lets you fly swiftly and evasively.


Message History

The orc warrior is struck by an arc of lightning!
The orc warrior is almost dead.
You are struck by an arc of lightning.
The lightning grounds out.
The orc misses you. The orc warrior closely misses you.
The orc completely misses you. The orc warrior completely misses you.
Casting: Static Discharge (safe; 1% risk of failure)
Confirm with . or Enter, or press ? or * to list all spells.
You feel a surge of power!
The orc warrior is struck by an arc of lightning.
You kill the orc warrior!
Sif Muna accepts your kill.
The lightning grounds out.
The orc hits you but does no damage.
Your Invocations skill increases to level 2!
The orc barely misses you.
Casting: Static Discharge (safe; 1% risk of failure)
Confirm with . or Enter, or press ? or * to list all spells.
Aiming: Airstrike (dangerous; 1% risk of failure)
Press: ? - help, Dir - move target, f - orc warrior
Aim: an orc warrior, wielding a +0 war axe and wearing a +0 plate armour (summoned, empty space bonus: 6/8)
The air twists around and strikes the orc warrior.
The orc warrior is moderately wounded.
The orc dissolves into shadows!
The orc barely misses you.
Casting: Airstrike (dangerous; 1% risk of failure)
Confirm with . or Enter, or press ? or * to list all spells.
You feel a surge of power!
The orc warrior is struck by an arc of lightning.
The orc warrior is moderately wounded.
You are struck by an arc of lightning.
The orc warrior is struck by an arc of lightning.
The orc warrior is heavily wounded.
The lightning grounds out.
The orc hits you from afar with a +0 trident!
The gnoll dissolves into shadows!
The orc misses you.
The orc warrior hits you with a +0 war axe!
* * * LOW HITPOINT WARNING * * *
Okay, then.
The orc hits you from afar with a +0 trident.
* * * LOW HITPOINT WARNING * * *
The orc warrior hits you with a +0 war axe!
You die...

.......# g.gg...#
...goo### ♣♣♣♣
....#'#.### ♣♣♣♣..♣
#.###)....###♣♣.....♣♣
###.))).....##.......♣
#...).......#.......♣♣
#........g.o'..o.....♣
#.....⌠.....'o.@.))).♣
#...........'..).....♣
#...........#.......♣♣
###.).......##.......♣
#.###.))..###♣......♣♣
....#)#.### ♣♣♣.♣♣♣♣
...).)### ♣♣♣ .......#
.).....#


You could see an orc warrior (summoned), 2 orcs and a hobgoblin.

Vanquished Creatures
  An orc knight (Bailey)
  A hornet (D:7)
  6 orc warriors (Bailey)
  A sky beast (D:3)
  2 ogres (D:5)
  A phantom (D:5)
  A bullfrog (D:7)
  2 scorpions
  A water moccasin skeleton (D:6)
  5 wights (D:7)
  3 hounds (D:6)
  2 jellies (D:4)
  A bullfrog skeleton (D:6)
  2 centaur zombies
  A gnoll shaman (D:6)
  3 iguanas
  A hound zombie (D:5)
  18 gnolls
  8 adders
  3 white imps
  A worm (D:2)
  A dart slug (D:4)
  20 orcs
  12 ball pythons
  4 bats
  7 endoplasms
  3 giant cockroaches
  20 goblins
  12 hobgoblins
  9 jackals
  2 quokkas (D:3)
  2 frilled lizards (D:3)
  A kobold (D:4)
  7 rats
164 creatures vanquished.

Vanquished Creatures (others)
  4 toadstools (D:3)
4 creatures vanquished.

Grand Total: 168 creatures vanquished

Notes
Turn   | Place    | Note
-------+----------+-------------------------------------------
     0 | D:1      | kae the Tengu Air Elementalist began the quest for the Orb.
     0 | D:1      | Reached XP level 1. HP: 10/10 MP: 4/4
   180 | D:1      | Reached XP level 2. HP: 15/15 MP: 1/6
   835 | D:1      | Found a faded altar of an unknown god.
  1303 | D:2      | Reached XP level 3. HP: 19/19 MP: 2/7
  1872 | D:2      | Found a broken altar of Ashenzari.
  2184 | D:3      | Found a glowing silver altar of Zin.
  2280 | D:3      | Reached skill level 1 in Staves
  2280 | D:3      | Reached skill level 5 in Air Magic
  2429 | D:3      | Reached XP level 4. HP: 19/24 MP: 2/8
  2896 | D:3      | Noticed a sky beast
  2969 | D:4      | Noticed a scorpion
  2975 | D:4      | Killed a scorpion
  2976 | D:4      | Gained mutation: Your magical nature lets you fly swiftly
                  | and evasively. [Tengu growth]
  2976 | D:4      | Reached XP level 5. HP: 28/28 MP: 5/10
  2979 | D:4      | Learned a level 2 spell: Static Discharge
  2984 | D:4      | Learned a level 4 spell: Airstrike
  3097 | D:4      | Reached skill level 6 in Air Magic
  3193 | D:4      | Reached XP level 6. HP: 32/32 MP: 8/11
  3942 | D:3      | Killed a sky beast
  4085 | D:5      | Entered Level 5 of the Dungeon
  4282 | D:5      | Reached skill level 7 in Air Magic
  4318 | D:5      | Found a staircase to the Ecumenical Temple.
  4344 | D:5      | Reached XP level 7. HP: 31/36 MP: 8/13
  4349 | Temple   | Entered the Ecumenical Temple
  4602 | Temple   | Became a worshipper of Sif Muna the Loreminder
  4963 | D:5      | Got Woppa's Handbook of Unholy Ice
  5375 | D:6      | Reached skill level 5 in Conjurations
  5378 | D:6      | Reached skill level 8 in Air Magic
  5682 | D:6      | Reached XP level 8. HP: 30/41 MP: 7/15
  5831 | D:6      | Reached * piety under Sif Muna
  6633 | D:6      | Reached skill level 9 in Air Magic
  7256 | D:7      | Found a flagged portal.
  7283 | D:7      | Noticed a hornet
  7287 | D:7      | Killed a hornet
  7288 | D:7      | Reached skill level 5 in Staves
  7288 | D:7      | Reached skill level 10 in Air Magic
  7295 | Bailey   | Entered a bailey
  7455 | Bailey   | Reached XP level 9. HP: 45/45 MP: 5/17
  7480 | Bailey   | Reached skill level 5 in Spellcasting
  7639 | Bailey   | Reached ** piety under Sif Muna
  7819 | Bailey   | Learned a level 3 spell: Swiftness
  7822 | Bailey   | Learned a level 2 spell: Blink
  8385 | Bailey   | Noticed an orc knight
  8401 | Bailey   | Killed an orc knight
  8402 | Bailey   | Reached skill level 1 in Invocations
  8407 | Bailey   | Reached skill level 11 in Air Magic
  8510 | Bailey   | Noticed an orc warlord
  8571 | Bailey   | Mangled by an orc warrior

Illustrated notes

Levels and vault maps discovered:
D:1:      lightli_arrival_boilingwater, layout_loops_ring,
          shapermc_ecumenical_altar_gd, minmay_crystal_water,
          serial_park_tiny_1, minmay_vboxes
D:2:      layout_loops_corners, basic_altar
D:3:      minmay_octagon_keep, layout_basic,
          mainiacjoe_overflow_concentric_impassable, kennysheep_cross_room,
          minmay_gold_behind_fungi
D:4:      layout_basic, chequers_jeans, minmay_misc_feat_rows
D:5:      layout_cave_pods, temple_fountains
D:6:      layout_basic
D:7:      gammafunk_corrupted_shrine, layout_loops_ring, enter_bailey_3
Temple:   mainiacjoe_temple_archimedes_tessellation
Bailey:   bailey_axe_minmay_hex_keep, bailey

Skill      XL: |  1  2  3  4  5  6  7  8  9 |
---------------+----------------------------+-----
Conjurations   | 2 3 4 5 6 7 |  7.6
Staves         | 1 2 3 5 |  5.9
Air Magic      | 5 6 7 8 10 11 | 11.3
Spellcasting   | 3 4 5 |  5.5
Invocations    | 2 |  2.0
Dodging        | |  2.1
Stealth        | |  2.0

Action                   |  1- 3 |  4- 6 |  7- 9 || total
-------------------------+-------+-------+-------++-------
Melee: Unarmed           |     7 |       |       ||     7
       Kick              |     2 |     1 |     6 ||     9
       Staff             |       |     1 |    19 ||    20
       Peck              |       |       |     6 ||     6
 Cast: Shock             |    66 |    83 |   177 ||   326
       Airstrike         |       |     5 |    33 ||    38
       Static Discharge  |       |       |    32 ||    32
  Use: Scroll            |     3 |     8 |     2 ||    13
       Potion            |       |       |     2 ||     2
Armor: Robe              |     3 |     5 |     5 ||    13
Dodge: Dodged            |    10 |     9 |    56 ||    75

Table legend: (Time is in decaauts)
 A = Elapsed time spent in this place.
 B = Non-inter-level travel time spent in this place.
 C = Inter-level travel time spent in this place.
 D = Time resting spent in this place.
 E = Time spent auto-exploring this place.
 F = Levels seen in this place.
 G = Mean time per level.
                   A        B        C        D        E       F      G
               +--------+--------+--------+--------+--------+-----+--------+
         Total |   8279 |   7964 |    315 |   1688 |   5264 |   9 |  919.9 |
       Dungeon |   6774 |   6500 |    274 |    769 |   4993 |   7 |  967.7 |
        Temple |    252 |    212 |     40 |      0 |    194 |   1 |  252.0 |
        Bailey |   1252 |   1252 |      0 |    918 |     77 |   1 | 1252.0 |
               +--------+--------+--------+--------+--------+-----+--------+

Top non-repeatable levels by time:
     D:6: 1651 daAuts
  Bailey: 1252 daAuts
     D:1: 1178 daAuts
     D:3: 1124 daAuts
     D:2: 950 daAuts
     D:5: 793 daAuts
     D:4: 753 daAuts
     D:7: 322 daAuts
  Temple: 252 daAuts
